 Dungeon Crawl Stone Soup version 0.22-a0-369-gc73351f (webtiles) character file.

149 Klosterheim the Skirmisher (level 5, -7/43 HPs)
             Began as a Formicid Monk on Apr 24, 2018.
             Mangled by an ogre
             ... wielding a +0 giant club
              (18 damage)
             ... on level 4 of the Dungeon.
             The game lasted 00:07:05 (3153 turns).

Klosterheim the Skirmisher (Formicid Monk)          Turns: 3153, Time: 00:07:06

Health: -7/43      AC:  8    Str: 18    XL:     5   Next: 56%
Magic:  5/5        EV:  8    Int: 11    God:
Gold:   190        SH:  0    Dex: 13    Spells: 4/4 levels left

rFire    . . .     SeeInvis +   a - +0 falchion
rCold    + . .     Gourm    .   (no shield)
rNeg     . . .     Faith    .   d - +0 chain mail
rPois    .         Spirit   .   (helmet unavailable)
rElec    .         Reflect  .   (no cloak)
rCorr    .         Harm     .   (no gloves)
MR       .....                  (no boots)
Stlth    ..........             (no amulet)
HPRegen  0.14/turn              g - +3 ring of strength
MPRegen  0.09/turn              u - ring of protection from cold

@: no status effects
A: permanent stasis, dig shafts and tunnels, four strong arms, antennae 3
a: Dig, Shaft Self


You were on level 4 of the Dungeon.
You were not hungry.

You visited 1 branch of the dungeon, and saw 4 of its levels.

You collected 190 gold pieces.

Inventory:

Hand Weapons
 a - a +0 falchion (weapon)
Armour
 d - a +0 chain mail (worn)
Jewellery
 g - a +3 ring of strength (left hand)
 u - a ring of protection from cold (right hand)
Wands
 b - a wand of random effects (16)
Scrolls
 e - a scroll of remove curse
 h - a scroll of immolation {unknown}
 i - a scroll of amnesia {unknown}
 j - a scroll of fear {unknown}
 m - a scroll of fog {unknown}
 n - a scroll of magic mapping {unknown}
 o - a scroll of blinking {unknown}
 p - a scroll of teleportation {unknown}
 s - a scroll of enchant weapon {unknown}
Potions
 k - 2 potions of degeneration
 l - 2 potions of resistance {unknown}
 q - 2 potions of curing
 r - a potion of cancellation {unknown}
 t - 2 potions of flight {unknown}
 v - a potion of mutation {unknown}
Comestibles
 c - 10 rations


   Skills:
 + Level 4.7 Fighting
 + Level 4.3 Long Blades
 - Level 1.0 Armour
 - Level 3.0 Dodging
 - Level 3.0 Stealth


You had 4 spell levels left.
You didn't know any spells.

Dungeon Overview and Level Annotations

Branches:
Dungeon (4/15)
 Temple: D:4-7

Altars:
Uskayaw
Xom

Annotations:
D:3 Klosterheim's ghost, amateur FoEE; Purgy


Innate Abilities, Weirdness & Mutations

You cannot be hasted, slowed, berserked, paralysed or teleported.
You can dig through walls and to a lower floor.
Your four strong arms can wield two-handed weapons with a shield.
You have a pair of large antennae on your head. (SInv)


Message History

The ogre is severely wounded.
You hit the ogre.
The ogre is severely wounded.
The ogre hits you with a giant club!
* * * LOW HITPOINT WARNING * * *
You hit the ogre.
The ogre is severely wounded.
You hit the ogre.
The ogre is severely wounded.
The ogre barely misses you.
You barely miss the ogre.
The ogre is severely wounded.
The ogre closely misses you.
You hit the ogre.
The ogre is almost dead.
The ogre barely misses you.
You closely miss the ogre.
The ogre is almost dead.
The ogre hits you with a giant club!!
You die...

#.##.##.# #.# #
#.##.##.# #(# #
#.##.##.# #.# #
#.##.##.# #.# #
#.##.##.# #.# #
######.##.##.####.#
#
#.................#
#
#.....###.#..######
# #..... ...#@##
#.....#####O#
#..... #.# ###.##
#.# #. #.# #.# ...
..#


You could see an ogre.

Vanquished Creatures
  A scorpion (D:4)
  A centaur skeleton (D:4)
  An iguana (D:4)
  An adder (D:3)
  3 worms
  A leopard gecko (D:1)
  2 bats
  A giant cockroach (D:4)
  4 goblins
  A hobgoblin (D:2)
  A ball python (D:2)
  7 frilled lizards
  6 kobolds
  A quokka skeleton (D:4)
  5 rats
36 creatures vanquished.

Notes
Turn   | Place    | Note
-------+----------+-------------------------------------------
     0 | D:1      | Klosterheim the Formicid Monk began the quest for the Orb.
     0 | D:1      | Reached XP level 1. HP: 18/18 MP: 1/1
    10 | D:1      | Noticed a minotaur skeleton
    18 | D:1      | Noticed a minotaur skeleton
    20 | D:1      | Noticed a minotaur skeleton
   494 | D:1      | Reached XP level 2. HP: 24/24 MP: 2/2
  1040 | D:2      | Reached XP level 3. HP: 21/29 MP: 3/3
  1204 | D:2      | Reached skill level 1 in Armour
  1246 | D:2      | Found a hide-covered altar of Uskayaw.
  2332 | D:3      | Noticed Klosterheim's ghost (amateur FoEE)
  2387 | D:4      | Reached XP level 4. HP: 37/37 MP: 4/4
  2398 | D:4      | Found a shimmering altar of Xom.
  2816 | D:4      | Reached XP level 5. HP: 31/43 MP: 5/5
  2936 | D:3      | Noticed Purgy
  3139 | D:4      | Noticed an ogre
  3153 | D:4      | Mangled by an ogre

Vault maps used:
D:1:      shiori_arrival_whats_in_store_for_you, serial_glass, glass_columns_a,
          glass_columns_c, feat_on_display, minmay_misc_feat_chi
D:2:      eat_drink_and_be_merry_uskayaw
D:3:      corexii_shack_village, minitemple, first_ration, uniq_purgy,
          uniq_robin
D:4:      xom_butterflies, minmay_temple_entry_poolview, minmay_misc_feat_iff

Skill      XL: |  1  2  3  4 |
---------------+-------------+-----
Armour         | 1 |  1.0
Stealth        | 3 |  3.0
Dodging        | 3 |  3.0
Fighting       | 4 |  4.7
Long Blades    | 4 |  4.3

Action                   |  1- 3 |  4- 6 || total
-------------------------+-------+-------++-------
Melee: Falchion          |   101 |    38 ||   139
 Abil: Dig               |       |     1 ||     1
Evoke: Wand              |       |     1 ||     1
  Use: Scroll            |       |     4 ||     4
 Stab: Sleeping          |     1 |       ||     1
  Eat: Chunk             |     5 |     2 ||     7
Armor: Robe              |     5 |       ||     5
       Chain mail        |    44 |    11 ||    55
Dodge: Dodged            |    48 |    15 ||    63
       Rpst.: Falchion   |    15 |     3 ||    18

Table legend:
 A = Spawn XP
 B = Non-spawn XP
 C = Spawn XP percentage of total XP
 D = Spawn monster count
 E = Non-spawn monster count
 F = Spawn count percentage of total count
 G = Total turns spent on level
                    A         B        C        D         E        F      G
               +---------+---------+-------+---------+---------+-------+---------
         Total |       0 |     213 |   0.0 |       0 |      36 |   0.0 |  3153
               +---------+---------+-------+---------+---------+-------+---------
           D:1 |       0 |      12 |   0.0 |       0 |       8 |   0.0 |   760
           D:2 |       0 |      30 |   0.0 |       0 |      15 |   0.0 |  1133
           D:3 |       0 |      25 |   0.0 |       0 |       7 |   0.0 |   529
           D:4 |       0 |     146 |   0.0 |       0 |       6 |   0.0 |   731
               +---------+---------+-------+---------+---------+-------+---------
